 Dungeon Crawl Stone Soup version 0.27.1-3-gb3d3a73c9e (webtiles) character file.

Game seed: 10558732700438897590

261 H0rd4k the Charlatan (level 6, -1/46 HPs)
             Began as a Human Artificer on Oct 18, 2021.
             Slain by a white imp (4 damage)
             ... on level 5 of the Dungeon.
             The game lasted 00:03:45 (4924 turns).

H0rd4k the Charlatan (Human Artificer)              Turns: 4924, Time: 00:03:46

Health: -1/46      AC:  3    Str: 13    XL:     6   Next: 42%
Magic:  6/6        EV: 12    Int: 12    God:
Gold:   233        SH:  0    Dex: 14    Spells: 5/5 levels left

rFire    . . .     SeeInvis .   m - +0 short sword (flame)
rCold    . . .     Faith    .   (no shield)
rNeg     . . .     Spirit   .   b - +0 leather armour
rPois    .         Reflect  .   (no helmet)
rElec    .         Harm     .   (no cloak)
rCorr    .         Rampage  .   (no gloves)
Will     .....                  (no boots)
Stlth    +.........             (no amulet)
HPRegen  0.15/turn              (no ring)
MPRegen  0.10/turn              (no ring)

@: no status effects
A: no striking features
a: no special abilities


You were on level 5 of the Dungeon.
You visited 1 branch of the dungeon, and saw 5 of its levels.

You collected 233 gold pieces.

Inventory:

Hand Weapons
 m - a +0 short sword of flaming (weapon)
Missiles
 n - 11 poisoned darts (quivered)
Armour
 b - a +0 leather armour (worn)
Wands
 c - a wand of flame (6)
 d - a wand of charming (13)
Scrolls
 j - a scroll of amnesia {unknown}
 l - 2 scrolls of fog {unknown}
 p - a scroll of vulnerability {unknown}
 q - 2 scrolls of identify {unknown}
Potions
 a - a potion of haste {unknown}
 f - a potion of flight {unknown}
 g - a potion of lignification {unknown}
 h - 2 potions of heal wounds {unknown}
 i - a potion of berserk rage {unknown}
 k - a potion of cancellation {unknown}
 o - a potion of resistance {unknown}
Miscellaneous
 e - a piece from Xom's chessboard (15/15)


   Skills:
 + Level 2.8 Fighting
 + Level 3.0 Short Blades
 + Level 1.2 Throwing
 - Level 2.0 Armour
 + Level 2.1 Dodging
 - Level 1.0 Stealth
 + Level 4.3 Evocations


You had 5 spell levels left.
You didn't know any spells.
Your spell library contained the following spells:

 Spells                   Type           Power      Damage    Failure   Level
 Stone Arrow              Conj/Erth      0%         3d7       77%         3
 Animate Armour           Summ/Erth      0%         N/A       99%         4
 Lehudib's Crystal Spear  Conj/Erth      0%         10d2      100%        8


Dungeon Overview and Level Annotations

Branches:
Dungeon (5/15)
 Temple: D:4-7

Altars:
Dithmenos
Makhleb
Qazlal

Annotations:
D:3 exclusion: iguana, Jessica, Sigmund
D:4 exclusion: iguana


Message History

The adder is severely wounded.
The adder closely misses you. x2
You hit the adder. You burn the adder.
The adder is severely wounded.
The adder bites you but does no damage.
You hit the adder. You burn the adder.
You kill the adder!
You see here an adder corpse.
A white imp comes into view.
A white imp is nearby!
The white imp shouts!
The white imp gestures at you. The puff of frost misses you.
There is a stone staircase leading down here.
You barely miss the white imp. The white imp hits you.
The white imp freezes you.
You hit the white imp but do no damage. The white imp hits you.
The white imp freezes you.
You hit the white imp but do no damage. The white imp closely misses you.
You closely miss the white imp. The white imp gestures at you.
The puff of frost hits you!
You hit the white imp. You burn the white imp.
The white imp is moderately wounded.
The white imp gestures at you. The puff of frost hits you!
You hit the white imp but do no damage.
The white imp is moderately wounded.
The white imp gestures at you. The puff of frost hits you!
* * * LOW HITPOINT WARNING * * *
You closely miss the white imp.
The white imp is moderately wounded.
The white imp gestures at you. The puff of frost hits you!
* * * LOW HITPOINT WARNING * * *
You barely miss the white imp.
The white imp is moderately wounded.
The white imp hits you.
You die...

##......# .......# #......#
...... #....### #......
#.#####..5####.#
#.......@.......
######...####.##
.#######....####..
...............#.## #.
......##.......... .. #
#.#..##.# #....##.#.# .#
###....##.#.##...(##.#.##..###
.................†............
#.#.#..##...###..###.#.##..##


You could see a white imp.

Vanquished Creatures
  2 scorpions
  A bullfrog zombie (D:5)
  A hound zombie (D:5)
  A howler monkey skeleton (D:4)
  3 adders
  An ufetubus (D:4)
  An adder skeleton (D:4)
  A worm (D:2)
  A dart slug (D:3)
  2 orcs (D:3)
  A bat (D:1)
  5 endoplasms
  4 hobgoblins
  3 quokkas
  6 ball pythons
  4 frilled lizards
  5 goblins
  3 kobolds
  4 rats
49 creatures vanquished.

Vanquished Creatures (others)
  A worm (D:2)
  A plant (D:2)
2 creatures vanquished.

Grand Total: 51 creatures vanquished

Notes
Turn   | Place    | Note
-------+----------+-------------------------------------------
     0 | D:1      | H0rd4k the Human Artificer began the quest for the Orb.
     0 | D:1      | Reached XP level 1. HP: 15/15 MP: 1/1
   517 | D:1      | Reached XP level 2. HP: 2/21 MP: 2/2
  1263 | D:1      | You fall into a shaft and drop 1 floor!
  1299 | D:2      | Reached XP level 3. HP: 12/26 MP: 3/3
  1488 | D:2      | Found a faded altar of an unknown god.
  2015 | D:2      | Found a shadowy altar of Dithmenos.
  2320 | D:3      | Reached skill level 4 in Evocations
  2360 | D:3      | Noticed Sigmund
  2364 | D:3      | Noticed Jessica
  2395 | D:3      | Found a stormy altar of Qazlal.
  2596 | D:3      | Reached XP level 4. HP: 23/33 MP: 4/4
  3196 | D:3      | Found a burning altar of Makhleb.
  3605 | D:4      | Reached skill level 1 in Short Blades
  4025 | D:4      | Noticed a scorpion
  4037 | D:4      | Killed a scorpion
  4038 | D:4      | Reached XP level 5. HP: 20/39 MP: 5/5
  4616 | D:5      | Entered Level 5 of the Dungeon
  4634 | D:5      | Reached XP level 6. HP: 46/46 MP: 6/6
  4679 | D:5      | Reached skill level 1 in Throwing
  4924 | D:5      | Slain by a white imp

Illustrated notes

Levels and vault maps discovered:
D:1:      ncdulo_lavacross, layout_loops_cross
D:2:      layout_rooms, shapermc_ecumenical_altar_pompeii, serial_forest,
          infiniplex_forest_clump_diagonal, infiniplex_forest_lined_4_way,
          infiniplex_forest_lined_3_way, infiniplex_forest_lined_ring,
          infiniplex_forest_split, basic_altar, uniq_crazy_yiuf_cottage
D:3:      layout_basic, mainiacjoe_overflow_24_doors, lightli_temple_of_fire,
          uniq_sigmund, uniq_jessica
D:4:      layout_cave_pools, minmay_misc_feat_tower
D:5:      layout_basic, minmay_small_thing

Skill      XL: |  1  2  3  4  5  6 |
---------------+-------------------+-----
Evocations     | 4 |  4.3
Short Blades   | 2 3 |  3.0
Fighting       | 2 |  2.8
Throwing       | 1 |  1.2
Dodging        | 2 |  2.1
Armour         | |  2.0
Stealth        | |  1.0

Action                   |  1- 3 |  4- 6 || total
-------------------------+-------+-------++-------
Melee: Dagger            |   117 |    31 ||   148
       Club              |    10 |       ||    10
       Short sword       |       |    83 ||    83
Throw: Dart              |       |    15 ||    15
Evoke: Wand              |     9 |     2 ||    11
 Stab: Sleeping          |     2 |     1 ||     3
Armor: Leather armour    |    27 |    19 ||    46
Dodge: Dodged            |    77 |    79 ||   156
